 Dungeon Crawl Stone Soup version 0.28.0 (webtiles) character file.

Game seed: 17600206105346052623

1168401 oldriver the Petrodigitator (level 27, -8/179 HPs)
             Began as a Gargoyle Earth Elementalist on Feb 8, 2022.
             Was the Champion of Vehumet.
             Mangled by a death scarab (13 damage)
             ... on level 2 of the Tomb of the Ancients on Feb 10, 2022.
             The game lasted 06:55:15 (174703 turns).

oldriver the Petrodigitator (GrEE)                Turns: 174703, Time: 06:55:16

Health: -8/179     AC: 59    Str: 21    XL:     27
Magic:  63/63      EV: 12    Int: 38    God:    Vehumet [******]
Gold:   7307       SH: 20    Dex: 14    Spells: 6/80 levels left

rFire   + + +      SeeInvis .   B - +10 rapier of Iconoclasm {venom, rF++ Str+3}
rCold   + + .      Faith    .   D - +0 tower shield {rC+ rF+}
rNeg    + + +      Spirit   .   v - +8 chain mail of Zin's Wrath {rElec Str+4}
rPois   ∞          Reflect  .   u - +2 helmet of the Weaver {*Corrode Fly rN++ Will+}
rElec   +          Harm     .   N - +2 cloak {rCorr}
rCorr   +          Rampage  .   o - +1 pair of gloves of Ninonkei {Regen+ Int+4}
Will    ++++.                   q - +2 pair of boots {Fly}
Stlth   +++++.....              c - amulet of magic regeneration
HPRegen 1.19/turn               h - ring "Fokhlug" {rC+ Will+ Int+3 Stlth+}
MPRegen 0.78/turn               p - ring "Dolaw" {rPois MP+9 Int+3 Dex+2}

@: marked, flying, slowed, studying 3 skills, unable to read, very slow
A: sickness immunity, AC +20, big wings, negative energy resistance 1,
electricity resistance, torment resistance 1, petrification resistance, talons
1, agile 1, frail 1, sense surroundings 1, screaming 1, inability to read while
threatened
}: 12/15 runes: barnacled, slimy, silver, iron, obsidian, abyssal, demonic,
glowing, magical, fiery, dark, gossamer
a: Renounce Religion


You were on level 2 of the Tomb of the Ancients.
You worshipped Vehumet.
Vehumet was exalted by your worship.
You visited 17 branches of the dungeon, and saw 79 of its levels.
You visited Pandemonium 9 times, and saw 42 of its levels.
You visited the Abyss 5 times.
You visited 1 bazaar.
You also visited: Bailey.

You collected 13630 gold pieces.
You spent 6323 gold pieces at shops.

Inventory:

Hand Weapons
 B - the +10 rapier of Iconoclasm (weapon) {venom, rF++ Str+3}
   (You found it on level 3 of the Crypt)

   It poisons the flesh of those it strikes.
   Str:       It affects your strength (+3).
   rF:        It greatly protects you from fire.
 O - the +11 falchion of the Shrike {vorpal, rPois rF+++ rCorr MP-9}
   (You took it off a salamander on level 3 of the Depths)

   It inflicts extra damage upon your enemies.
   rF:        It renders you almost immune to fire.
   rPois:     It protects you from poison.
   MP:        It affects your magic capacity (-9).
   rCorr:     It protects you from acid and corrosion.
 P - the +4 staff of Dispater
   (You took it off Dispater on level 7 of the Iron City of Dis)

   It can be evoked to hurl damnation at the cost of health and magic, with
   strength depending on Evocations skill.
Missiles
 w - 136 stones
 J - 8 curare-tipped darts
Armour
 o - the +1 pair of gloves of Ninonkei (worn) {Regen+ Int+4}
   (You found it on level 12 of the Dungeon)

   Int:       It affects your intelligence (+4).
   Regen:     It increases your rate of health regeneration.
 q - a +2 pair of boots of flying (worn)
 u - the +2 helmet of the Weaver (worn) {*Corrode Fly rN++ Will+}
   (You found it on level 13 of the Dungeon)

   rN:        It greatly protects you from negative energy.
   Fly:       It grants you flight.
   *Corrode:  It may corrode you when you take damage.
   Will:      It increases your willpower.
 v - the +8 chain mail of Zin's Wrath (worn) {rElec Str+4}
   (You found it on level 3 of the Vaults)

   Str:       It affects your strength (+4).
   rElec:     It insulates you from electricity.
 D - a +0 tower shield of resistance (worn)
 N - a +2 cloak of preservation (worn)
 S - the +4 pair of gloves of Xeunut {Will+ Int-4 Dex+2 SInv}
   (You found it on level 3 of the Lair of Beasts)

   Int:       It affects your intelligence (-4).
   Dex:       It affects your dexterity (+2).
   SInv:      It lets you see invisible.
   Will:      It increases your willpower.
 X - a +1 pair of boots of rampaging
Magical Staves
 C - a staff of earth
Jewellery
 c - an amulet of magic regeneration (around neck)
 f - the ring "Ypsim" {rC+ Str+6 Dex+4}
   (You found it on level 7 of the Iron City of Dis)

   [ring of strength]

   Str:       It affects your strength (+6).
   Dex:       It affects your dexterity (+4).
   rC:        It protects you from cold.
 h - the ring "Fokhlug" (left hand) {rC+ Will+ Int+3 Stlth+}
   (You bought it in a shop on level 4 of the Depths)

   [ring of willpower]

   Int:       It affects your intelligence (+3).
   rC:        It protects you from cold.
   Will:      It increases your willpower.
   Stlth:     It makes you more stealthy.
 i - the ring of the Nine Olives {+Blink rF+ rN+ Str+4 Int-3}
   (You bought it in a shop on level 4 of the Depths)

   [ring of positive energy]

   Str:       It affects your strength (+4).
   Int:       It affects your intelligence (-3).
   rF:        It protects you from fire.
   rN:        It protects you from negative energy.
   +Blink:    It lets you blink.
 p - the ring "Dolaw" (right hand) {rPois MP+9 Int+3 Dex+2}
   (You acquired it on level 7 of the Dungeon)

   [ring of magical power]

   Int:       It affects your intelligence (+3).
   Dex:       It affects your dexterity (+2).
   rPois:     It protects you from poison.
   MP:        It affects your magic capacity (+9).
 s - the amulet of Doors {RegenMP Rampage rF- rC+++ Will-}
   (You found it on level 5 of the Pits of Slime)

   [amulet of magic regeneration]

   It increases your rate of magic regeneration.
   rF:        It makes you vulnerable to fire.
   rC:        It renders you almost immune to cold.
   Rampage:   It bestows one free step when moving towards enemies.
   Will:      It decreases your willpower.
Wands
 b - a wand of mindburst (49)
 x - a wand of iceblast (25)
 F - a wand of charming (11)
 G - a wand of digging (18)
 Q - a wand of acid (18)
 R - a wand of flame (53)
Scrolls
 g - 8 scrolls of blinking
 k - 3 scrolls of magic mapping
 l - 8 scrolls of holy word
 r - 19 scrolls of teleportation
 E - 2 scrolls of silence
 L - 16 scrolls of fog
 M - 5 scrolls of summoning
 T - 5 scrolls of amnesia
 V - 10 scrolls of fear
 Y - a scroll of brand weapon
Potions
 a - 12 potions of cancellation
 d - 4 potions of magic
 j - 2 potions of mutation
 t - 3 potions of haste
 z - 11 potions of invisibility
 A - 25 potions of curing
 H - 14 potions of might
 I - 7 potions of resistance
 K - 3 potions of brilliance
Miscellaneous
 e - a tin of tremorstones (2/2)
 n - the horn of Geryon
 y - a phial of floods
 U - a box of beasts
 W - a phantom mirror
 Z - a condenser vane


   Skills:
 O Level 27 Fighting
 + Level 22.0 Armour
 + Level 12.5 Dodging
 + Level 18.5 Stealth
 + Level 17.8 Shields
 O Level 27 Spellcasting
 O Level 27 Conjurations
 - Level 5.1 Necromancy
 - Level 4.0 Translocations
 - Level 5.0 Transmutations
 + Level 22.2 Fire Magic
 O Level 27 Earth Magic
 - Level 14.0 Evocations


You had 6 spell levels left.
You knew the following spells:

 Your Spells              Type           Power      Damage    Failure   Level
a - Apportation           Tloc           100%       N/A       1%          1
b - Passwall              Tmut/Erth      89%        N/A       0%          2
c - Stone Arrow           Conj/Erth      100%       3d13      0%          3
d - Irradiate             Conj/Tmut      53%        3d31      1%          5
e - Iskenderun's Mystic   Conj/Tloc      100%       2d19      1%          4
f - Orb of Destruction    Conj           65%        9d15      1%          7
h - Lehudib's Crystal Sp  Conj/Erth      65%        10d15     1%          8
i - Iron Shot             Conj/Erth      65%        9d12      0%          6
j - Ignition              Fire           60%        3d16      1%          8
l - Lee's Rapid Deconstr  Erth           65%        3d31*     0%          5
p - Shatter               Erth           65%        3d48*     1%          9
q - Blink                 Tloc           100%       N/A       1%          2
s - Fire Storm            Conj/Fire      63%        8d16      4%          9
v - Borgnjor's Vile Clut  Necr/Erth      54%        N/A       1%          5

Your spell library contained the following spells:

 Spells                   Type           Power      Damage    Failure   Level
 Polar Vortex             Ice            25%        N/A       100%        9
 Foxfire                  Conj/Fire      100%       2x1d9     0%          1
 Magic Dart               Conj           100%       1d8       0%          1
 Sandblast                Erth           100%       2d20      0%          1
 Shock                    Conj/Air       100%       1d9       0%          1
 Scorch                   Fire           100%       2d10      0%          2
 Searing Ray              Conj           100%       2d8       0%          2
 Static Discharge         Conj/Air       100%       N/A       0%          2
 Conjure Flame            Conj/Fire      100%       6-21      0%          3
 Flame Wave               Conj/Fire      100%       2d17      0%          4
 Sticky Flame             Conj/Fire      100%       2d11      0%          4
 Fireball                 Conj/Fire      63%        3d24      0%          5
 Starburst                Conj/Fire      63%        6d17      0%          6
 Animate Skeleton         Necr           100%       N/A       1%          1
 Freeze                   Ice            100%       1d11      1%          1
 Pain                     Necr           100%       1d9       1%          1
 Corpse Rot               Necr/Air       100%       N/A       1%          2
 Poisonous Vapours        Pois/Air       100%       N/A       1%          2
 Wereblood                Tmut           73%        N/A       1%          2
 Dazzling Flash           Conj/Hex       100%       N/A       1%          3
 Gell's Gravitas          Tloc           70%        N/A       1%          3
 Ignite Poison            Fire/Tmut/Pois 88%        N/A       1%          3
 Inner Flame              Hex/Fire       94%        N/A       1%          3
 Lesser Beckoning         Tloc           70%        N/A       1%          3
 Mephitic Cloud           Conj/Pois/Air  88%        N/A       1%          3
 Teleport Other           Tloc           70%        N/A       1%          3
 Vampiric Draining        Necr           74%        2d11      1%          3
 Animate Armour           Summ/Erth      100%       N/A       1%          4
 Fulminant Prism          Conj/Hex       50%        3d23      1%          4
 Hailstorm                Conj/Ice       100%       3d20      1%          4
 Leda's Liquefaction      Hex/Erth       50%        N/A       1%          4
 Petrify                  Tmut/Erth      100%       N/A       1%          4
 Freezing Cloud           Conj/Ice/Air   44%        6-21      1%          5
 Lightning Bolt           Conj/Air       50%        1d71      1%          5
 Frozen Ramparts          Ice            100%       1d12      2%          3
 Slow                     Hex            100%       N/A       3%          1
 Summon Small Mammal      Summ           100%       N/A       3%          1
 Animate Dead             Necr           37%        N/A       3%          4
 Dispel Undead            Necr           74%        3d25      3%          4
 Call Imp                 Summ           50%        N/A       4%          2
 Ensorcelled Hibernation  Hex/Ice        100%       N/A       4%          2
 Portal Projectile        Hex/Tloc       100%       N/A       4%          3
 Airstrike                Air            25%        N/A       9%          4
 Olgreb's Toxic Radiance  Pois           50%        N/A       9%          4
 Yara's Violent Unravell  Hex/Tmut       31%        3d13      9%          5
 Call Canine Familiar     Summ           50%        N/A       10%         3
 Confusing Touch          Hex            50%        N/A       10%         3
 Ozocubu's Armour         Ice            50%        N/A       10%         3
 Tukima's Dance           Hex            50%        N/A       10%         3
 Excruciating Wounds      Necr           37%        N/A       11%         5
 Ice Form                 Ice/Tmut       63%        N/A       12%         4
 Blade Hands              Tmut           36%        N/A       12%         5
 Manifold Assault         Tloc           70%        N/A       17%         5
 Summon Ice Beast         Ice/Summ       50%        N/A       32%         4
 Summon Lightning Spire   Summ/Air       50%        N/A       32%         4
 Alistair's Intoxication  Tmut/Pois      42%        N/A       32%         5
 Summon Forest            Summ/Tloc      30%        N/A       36%         5
 Eringya's Noxious Bog    Tmut/Pois      31%        N/A       41%         6
 Metabolic Englaciation   Hex/Ice        25%        N/A       65%         5
 Summon Mana Viper        Hex/Summ       50%        N/A       65%         5
 Dispersal                Tloc           35%        N/A       67%         6
 Simulacrum               Ice/Necr       31%        N/A       86%         6
 Summon Cactus Giant      Summ           25%        N/A       99%         6
 Chain Lightning          Conj/Air       50%        3d67      95%         9
 Dragon Form              Tmut           36%        N/A       98%         7
 Ozocubu's Refrigeration  Ice            25%        4d10      99%         7
 Haunt                    Necr/Summ      31%        N/A       100%        7
 Monstrous Menagerie      Summ           25%        N/A       100%        7
 Storm Form               Tmut/Air       31%        N/A       100%        7
 Summon Hydra             Summ           25%        N/A       100%        7
 Borgnjor's Revivificati  Necr           37%        N/A       100%        8
 Disjunction              Tloc           35%        N/A       100%        8
 Infestation              Necr           37%        N/A       100%        8
 Maxwell's Capacitive Co  Air            25%        ∞         100%        8
 Necromutation            Tmut/Necr      37%        N/A       100%        8
 Death's Door             Necr           37%        N/A       100%        9
 Sublimation of Blood     Necr           Unusable   N/A       N/A         2
 Statue Form              Tmut/Erth      Unusable   N/A       N/A         6

Dungeon Overview and Level Annotations

Branches:
Dungeon (15/15)            Temple (1/1) D:5            Lair (6/6) D:8
 Shoals (4/4) Lair:4       Spider (4/4) Lair:2        Slime (5/5) Lair:6
    Orc (2/2) D:12            Elf (3/3) Orc:2        Vaults (5/5) D:14
  Crypt (3/3) Vaults:3       Tomb (2/3) Crypt:3      Depths (4/4) D:15
   Hell (visited)             Dis (7/7) Hell            Geh (7/7) Hell
    Coc (0/7) Hell            Tar (5/7) Hell            Zot (5/5) Depths:4
 Bailey (visited)

Altars:
Ashenzari
Elyvilon
Fedhas
Gozag
Hepliaklqana
Kikubaaqudgha
Nemelex Xobeh
Okawaru
Qazlal
Ru
Trog
Vehumet
Wu Jian
Xom
Yredelemnul
Zin
The Shining One
Beogh
Jiyva

Shops:
D:6 [   D:12 (   D:15 [   Orc:2 !?*!   Elf:1 ?   Elf:2 *   Shoals:1 [
Shoals:2 (   Depths:2 (   Depths:4 =[=

Portals:
Hell: Depths:1 Depths:2 Depths:3 Depths:4
Abyss: Depths:1 Depths:2 Depths:3
Pandemonium: Depths:2
Ziggurat: Depths:4
Trove: Depths:3 (give 7 potions of haste)

Annotations:
D:5 2 runed translucent doors, cbfl8's ghost, weakling MiDe
Lair:4 2 transporters, exclusion: 2 oklob plants, Tunlugh's ghost, adept GrEE
Spider:3 1 runed translucent door, Ecalaupn's ghost, adept DrBe
Vaults:4 1 transporter
Crypt:1 1 runed translucent door, Vailuoroe's ghost, veteran GrEE


Innate Abilities, Weirdness & Mutations

You are immune to sickness and miasma.
Your stone body is resilient. (AC +20)
You are immune to poison.
Your large and strong wings let you fly.
You resist negative energy. (rN+)
You are resistant to electric shocks. (rElec)
You are resistant to unholy torment.
You are immune to petrification.
You have sharp toenails.
You are agile. (Dex +2)
You are frail. (-10% HP)
You passively map a small area around you.
You occasionally shout uncontrollably at your foes.
You sometimes lose the ability to read scrolls when taking damage.


Message History

You destroy the death scarab!
Vehumet accepts your kill.
You destroy the death scarab!
The death scarab's corpse disappears in a puff of smoke!
The death scarab is almost destroyed.
The royal mummy is severely damaged.
You destroy the death scarab!
The death scarab's corpse disappears in a puff of smoke!
You destroy the death scarab!
The death scarab's corpse disappears in a puff of smoke!
The royal mummy is moderately damaged.
You destroy the guardian mummy!
Vehumet accepts your kill.
You destroy the death scarab!
The death scarab's corpse disappears in a puff of smoke!
You destroy the mummy!
Vehumet accepts your kill. x2
You feel a bit more experienced.
Ka-crash!
You feel extremely nervous for a moment...
The world around you seems to dim momentarily.
You feel extremely nervous for a moment...
Pain shoots through your body!
* * * LOW HITPOINT WARNING * * *
The death scarab completely misses you. You block the death scarab's attack. x2
The bennu pecks you but does no damage.
The bennu claws you but does no damage. x2
You block the death scarab's attack. The death scarab bites you.
* * * LOW HITPOINT WARNING * * *
The death scarab drains your vigour!
You feel as though you will be slow longer.
The bennu pecks you but does no damage. The bennu claws you!
* * * LOW HITPOINT WARNING * * *
The bennu barely misses you.
The death scarab bites you but does no damage.
The royal mummy casts a spell.
The royal mummy misses you.
The royal mummy calls on the powers of darkness!
The bennu convulses!
You feel a surge of unholy energy.
The emperor scorpion convulses!
The death scarab bites you!
You die...

,, ^ , ,
.^......., ...M ,
........^,,.^.^* ,
....#.^.† ....,
#.....#.##..### *
* .........†.....
.........§..... ,
.####....Bs.§..# ,
.....###§@M.#... ,
......[MbB#§.....
* *
......§.§.##.....,
.......M.§†.#....
, *
....#§..†§†......
,,
..#§....§.M..... ,
,
(........M......#
^.#..............
*
.......z.........


You could see 4 royal mummies, an emperor scorpion (summoned), a bennu and 2
death scarabs.

Vanquished Creatures
  Cerebov (Pan)
  Asmodeus (Geh:7)
  the Royal Jelly (Slime:5)
  Gloorx Vloq (Pan)
  Mnoleg (Pan)
  Dispater (Dis:7)
  11 pandemonium lords (Pan)
  Lom Lobon (Pan)
  2 dread liches (Zot:5)
  7 orbs of fire (Zot:5)
  7 ancient liches
  Mennas (Pan)
  6 juggernauts
  19 royal mummies (Tomb:1)
  Boris (Tomb:2)
  6 Killer Klowns (Zot:5)
  Frederick (Crypt:1)
  4 curse toes
  Geryon (Hell)
  Nikola (Depths:2)
  32 caustic shrikes
  13 golden dragons
  5 profane servitors
  7 iron giants
  11 bone dragons
  19 Brimstone Fiends
  A spectral shard shrike (Tar:5)
  5 doom hounds
  22 Tzitzimimeh
  28 Hell Sentinels
  5 electric golems
  5 tainted leviathans
  5 hellephants
  21 tentacled monstrosities
  4 Ice Fiends (Pan)
  A walking frostbound tome (Depths:2)
  3 deep elf master archers (Elf:3)
  10 liches
  25 Orb Guardians (Zot:5)
  3 deep elf blademasters (Elf:3)
  6 quicksilver dragons
  18 searing wretches
  2 walking divine tomes
  25 ancient champions
  6 titans
  18 acid blobs
  5 tentacled starspawn
  2 thorn hunters (Abyss:4)
  14 sphinxes
  37 Executioners
  9 death cobs
  12 storm dragons
  8 tengu reavers
  4 draconian monks
  8 shadow dragons
  Kirke (D:15)
  Roxanne (Shoals:1)
  10 rockslimes
  5 revenants
  17 fire giants
  11 azure jellies
  18 demonspawn warmongers (Pan)
  7 draconian knights
  18 vault wardens
  2 deep elf elementalists
  7 emperor scorpions
  10 iron dragons
  5 frost giants
  15 deep elf sorcerers
  39 balrugs
  14 ghost moths
  11 draconian scorchers
  4 spectral caustic shrikes (Depths:1)
  34 cacodemons
  3 curse skulls
  22 ironbound preservers
  Louise (D:15)
  9 quicksilver elementals
  7 ghouls
  14 demonspawn blood saints (Pan)
  19 demonspawn corrupters (Pan)
  A broodmother (Spider:1)
  7 quicksilver oozes
  13 stone giants
  10 draconian shifters
  A draconian stormcaller (Abyss:1)
  2 caustic shrike skeletons
  8 draconian annihilators
  50 war gargoyles
  25 reapers
  The ghost of Shukka the Fighter, a journeyman MiBe of Trog (D:12)
  9 green draconians
  13 deep elf demonologists
  8 bennus (Tomb:1)
  32 very ugly things
  13 black draconians
  14 demonspawn black suns (Pan)
  11 putrid mouths
  5 ironbound thunderhulks
  17 white draconians
  10 yellow draconians
  9 vampire knights
  10 deep elf annihilators (Elf:3)
  6 purple draconians
  13 red draconians
  8 entropy weavers
  35 lorocyprocas
  11 dire elephants
  A spectral titan (Tar:1)
  17 iron golems
  11 ettins
  3 crystal guardians (Crypt:3)
  2 spark wasps
  6 eidola
  5 deep elf death magi
  5 merfolk javelineers
  2 spriggan zombies
  A spectral elf (Tar:2)
  23 blizzard demons
  7 jiangshi
  6 merfolk impalers
  8 mummy priests
  A spectral spriggan (Tar:3)
  Josephine (D:14)
  6 fire dragons
  23 green deaths
  A shambling mangrove (Abyss:4)
  5 deep elf high priests (Elf:3)
  21 yaktaur captains
  The ghost of growler the Stormcaller, a journeyman TeAE of Vehumet (Lair:2)
  A fenstrider witch zombie (Crypt:2)
  A quicksilver dragon skeleton (Crypt:2)
  15 great orbs of eyes
  39 vault guards
  10 salamander tyrants
  9 rakshasas
  An ogre mage (Vaults:4)
  7 ice dragons
  5 spriggan skeletons
  9 stokers
  12 hell beasts (Pan)
  A jorogumo (shapeshifter) (Depths:2)
  6 hydras
  Fannar (Orc:1)
  11 ironbound frosthearts
  12 boulder beetles
  2 spriggan air magi
  A two-headed ogre (shapeshifter) (D:14)
  19 centaur warriors
  2 alligator snapping turtles (Shoals:4)
  A spectral stone giant (Tar:1)
  12 deep troll shamans
  5 merfolk avatars
  A satyr (Abyss:4)
  A radroach (Spider:3)
  3 two-headed ogres
  7 merfolk aquamancers
  3 death knights
  6 orc high priests
  29 death scarabs
  37 hell hogs
  7 vampire magi
  3 tengu warriors
  6 death yaks
  40 dancing weapons
  Urug (Lair:6)
  6 deep troll earth magi
  4 spriggan berserkers
  An emperor scorpion zombie (Crypt:2)
  55 soul eaters
  9 thrashing horrors
  A spectral dire elephant (Tar:1)
  93 sun demons
  18 hell knights
  A salamander mystic (Depths:3)
  9 shadow wraiths
  18 deep elf knights
  13 iron trolls
  13 crystal echidnas
  2 storm dragon zombies
  43 sixfirhies
  4 wretched stars
  62 large abominations
  34 skeletal warriors
  A titan skeleton (Pan)
  8 steelbarb worms
  7 sea snakes
  A golden dragon zombie (Crypt:3)
  3 anaconda zombies
  A bunyip zombie (Crypt:3)
  An orb spider (shapeshifter) (Vaults:5)
  6 pharaoh ants
  2 spectral anacondas
  27 shadow demons (Pan)
  8 deep elf archers
  73 deep trolls
  11 orb spiders
  11 flayed ghosts
  7 glowing orange brains
  A swamp dragon (Lair:6)
  An anaconda skeleton (Hell)
  3 bunyip skeletons
  16 ironbound convokers
  7 orc knights
  16 starcursed masses
  A bog body (Crypt:1)
  8 wolf spider zombies
  18 wizards
  5 spectral wolf spiders (Spider:2)
  12 phantasmal warriors
  Pikel (D:4)
  14 necromancers
  9 lindwurms
  An orange crystal statue (Depths:3)
  31 deep elf zephyrmancers
  2 broodmother zombies (Crypt:1)
  27 deep elf pyromancers
  29 harpies
  6 cyclopes
  23 wolf spiders
  61 ugly things
  A manticore (shapeshifter) (Depths:2)
  A shining eye (shapeshifter) (Depths:4)
  A faun (shapeshifter) (Depths:4)
  7 orc sorcerers
  A cyclops (shapeshifter) (Vaults:5)
  2 salamanders (Depths:3)
  13 elephants
  9 manticores
  7 shining eyes
  A shadow dragon skeleton (Crypt:2)
  6 merfolk sirens
  26 moths of wrath
  2 spectral centaurs (Tar:2)
  5 worldbinders
  An ice statue (Hell)
  21 vault sentinels
  2 gargoyles
  4 eyes of devastation
  10 rust devils
  6 black mambas
  3 molten gargoyles (Hell)
  3 dire elephant zombies
  88 smoke demons
  A guardian serpent (shapeshifter) (D:12)
  8 water nymphs
  5 torpor snails
  14 cane toads
  2 naga magi (D:15)
  48 orange demons (Pan)
  An alligator snapping turtle zombie (Crypt:3)
  Psyche (D:11)
  2 cane toads (shapeshifter)
  2 unseen horrors
  Maggie (D:9)
  A kobold demonologist (Abyss:3)
  8 efreet
  A swamp worm zombie (Crypt:2)
  5 komodo dragons
  27 hellions
  3 rime drakes
  59 demonic crawlers
  11 yaktaurs
  22 hellwings
  6 ice devils
  5 freezing wraiths
  3 alligator snapping turtle skeletons
  7 ancient zymes
  4 tengu conjurers
  A spectral naga (Tar:3)
  25 tormentors
  3 hydra zombies (Hell)
  9 red devils
  A sea snake skeleton (Hell)
  23 guardian mummies
  26 merfolk
  6 harpy zombies
  A troll (shapeshifter) (D:12)
  A harpy skeleton (Pan)
  14 wind drakes
  A meliai (shapeshifter) (D:13)
  24 meliai
  4 spectral harpies
  8 polar bears
  4 wolf spider simulacra (Spider:2)
  A queen bee (Spider:4)
  12 raiju
  31 tarantellas
  10 dream sheep
  6 trolls
  A jumping spider zombie (Crypt:2)
  145 slime creatures
  3 fire dragon zombies
  8 snapping turtles
  19 blink frogs
  2 hydra skeletons
  A meliai zombie (D:11)
  A jumping spider (shapeshifter) (Vaults:5)
  53 flying skulls
  66 ynoxinuls
  17 culicivoras
  31 jumping spiders
  An ettin skeleton (Crypt:2)
  5 air elementals
  A culicivora (shapeshifter) (D:12)
  Eustachio (D:6)
  3 shadows
  5 wyverns
  23 water elementals
  7 wraiths
  2 ice dragon skeletons
  A hog (shapeshifter) (D:13)
  5 basilisks
  66 yaks
  An alligator skeleton (Hell)
  A vampire (D:9)
  3 fire elementals
  70 redbacks
  7 ushabtiu (Tomb:1)
  3 black mamba skeletons (Pan)
  11 golden eyes
  48 chaos spawn
  4 hogs (D:15)
  11 small abominations
  5 steam dragons
  A redback (shapeshifter) (Vaults:4)
  3 spatial vortices (Abyss:2)
  A golden eye (shapeshifter) (Depths:4)
  29 neqoxecs
  Menkaure (D:6)
  A harpy simulacrum (Abyss:4)
  2 wargs
  3 naga zombies
  2 swamp worms (shapeshifter) (Vaults:5)
  4 hell hounds (Pan)
  A water nymph skeleton (Crypt:1)
  5 acid dragons
  2 floating eyes
  19 water moccasins
  A hornet zombie (D:15)
  2 sky beasts (D:7)
  2 black bears (Lair:3)
  5 naga skeletons
  An ettin simulacrum (Crypt:1)
  23 orc warriors
  12 necrophages
  8 wolves
  2 ice beasts (D:6)
  A dream sheep zombie (Crypt:2)
  5 ogres
  2 boggarts (Vaults:4)
  A lemure (D:3)
  7 centaurs
  2 phantoms (D:6)
  2 kobold brigands
  A palentonga skeleton (Crypt:1)
  A fire crab zombie (Crypt:2)
  2 earth elementals
  11 bullfrogs
  A gnoll sergeant (D:7)
  A scorpion (D:5)
  A scorpion (shapeshifter) (D:12)
  A water moccasin skeleton (D:6)
  A wyvern zombie (D:9)
  A warg zombie (Crypt:1)
  31 killer bees
  A yak zombie (Crypt:2)
  16 wights
  11 howler monkeys
  A raiju skeleton (Crypt:2)
  4 electric eels
  8 centaur zombies
  A crimson imp (Abyss:3)
  3 quasits
  2 bullfrog zombies (D:5)
  16 orc priests
  4 hounds
  A bullfrog skeleton (D:2)
  A gnoll shaman (D:6)
  3 jellies
  7 centaur skeletons
  5 iron imps
  A scorpion zombie (D:5)
  8 iguanas
  Natasha (thrice) (D:2)
  27 orc wizards
  14 hell rats
  A killer bee zombie (D:8)
  A felid zombie (Crypt:1)
  A tengu skeleton (Crypt:2)
  29 mummies
  2 hound skeletons
  2 howler monkey zombies (D:9)
  20 gnolls
  9 adders
  4 white imps
  2 ufetubi
  A worm (D:5)
  A dart slug (D:4)
  60 orcs
  6 ball pythons
  A bat (D:1)
  A bat zombie (Shoals:1)
  8 endoplasms
  4 giant cockroaches
  3 goblins
  7 hobgoblins
  8 jackals
  17 kobolds
  3 quokkas
  A frilled lizard (D:1)
  A giant cockroach zombie (Crypt:1)
  5 rats
  21 briar patches (Abyss:4)
  A bush (Shoals:2)
  4 creeping infernos
  17 fire vortices
  3 starspawn tentacles
4338 creatures vanquished.

Vanquished Creatures (collateral kills)
  A chaos spawn (Pan)
1 creature vanquished.

Vanquished Creatures (others)
  A reaper (Pan)
  A stoker (Geh:7)
  A vampire mage (Depths:2)
  2 sixfirhies (Pan)
  An air elemental (Elf:1)
  A water elemental (Elf:1)
  2 golden eyes (Abyss:3)
  5 ball lightnings (Pan)
  2 bushes
  3 demonic plants (Pan)
  4 fire vortices (Pan)
  34 fungi
  94 plants
  21 starspawn tentacles
172 creatures vanquished.

Grand Total: 4511 creatures vanquished

Notes
Turn   | Place    | Note
-------+----------+-------------------------------------------
     0 | D:1      | oldriver the Gargoyle Earth Elementalist began the quest
                  | for the Orb.
     0 | D:1      | Reached XP level 1. HP: 10/10 MP: 3/3
   311 | D:1      | Reached XP level 2. HP: 9/16 MP: 0/5
  1016 | D:1      | Reached skill level 1 in Fighting
  1358 | D:2      | Noticed Natasha
  1372 | D:2      | Killed Natasha
  1373 | D:2      | Reached XP level 3. HP: 3/20 MP: 0/6
  1684 | D:2      | Noticed Natasha
  1708 | D:2      | Killed Natasha
  1709 | D:2      | Reached XP level 4. HP: 26/26 MP: 3/8
  1892 | D:2      | Noticed Natasha
  1894 | D:2      | Killed Natasha
  1938 | D:2      | Reached XP level 5. HP: 29/31 MP: 3/9
  2333 | D:2      | Learned a level 2 spell: Passwall
  2337 | D:2      | Learned a level 3 spell: Stone Arrow
  2450 | D:3      | Reached skill level 5 in Earth Magic
  2556 | D:3      | Found a faded altar of an unknown god.
  2806 | D:3      | Reached skill level 1 in Shields
  2806 | D:3      | Reached skill level 1 in Conjurations
  2955 | D:3      | Reached XP level 6. HP: 37/37 MP: 11/11
  3272 | D:3      | Found a hazy altar of Hepliaklqana.
  3273 | D:3      | Found a shimmering altar of Xom.
  3274 | D:3      | Noticed a spectral ugly thing
  3955 | D:4      | Noticed Pikel
  4546 | D:4      | Killed Pikel
  4547 | D:4      | Reached XP level 7. HP: 32/41 MP: 4/14
  4720 | D:4      | Reached skill level 5 in Spellcasting
  4774 | D:4      | Reached XP level 8. HP: 46/46 MP: 11/15
  4948 | D:4      | Identified the +0 ring mail of the Vacuum {Harm rF- MP+9
                  | Dex+5}
  5615 | D:5      | Entered Level 5 of the Dungeon
  6171 | D:5      | Found a runed translucent door.
  6172 | D:5      | Noticed cbfl8's ghost (weakling MiDe)
  6391 | D:5      | Found a runed translucent door.
  6401 | D:5      | Found a staircase to the Ecumenical Temple.
  6412 | Temple   | Entered the Ecumenical Temple
  6498 | Temple   | Became a worshipper of Vehumet
  6739 | D:5      | Reached skill level 5 in Conjurations
  6998 | D:6      | Found Ripef's Antique Armour Shop.
  7001 | D:6      | Bought a pair of runed gloves for 172 gold pieces
  7259 | D:6      | Found a sparkling altar of Nemelex Xobeh.
  7588 | D:6      | Reached XP level 9. HP: 50/50 MP: 7/20
  7767 | D:6      | Noticed Eustachio
  7776 | D:6      | Killed Eustachio
  7968 | D:6      | Noticed Menkaure
  8054 | D:6      | Killed Menkaure
  8438 | D:6      | Found a white marble altar of Elyvilon.
  8440 | D:6      | Found an iron altar of Okawaru.
  9107 | D:7      | Reached * piety under Vehumet
  9107 | D:7      | Offered knowledge of Freeze by Vehumet.
  9834 | D:7      | Reached skill level 10 in Spellcasting
 10295 | D:7      | Reached XP level 10. HP: 56/56 MP: 21/24
 10755 | D:7      | Identified a scroll of acquirement
 10755 | D:7      | Acquired the ring "Dolaw" {rPois MP+9 Int+3 Dex+2}
 11068 | D:8      | Found a flagged portal.
 11079 | Bailey   | Entered a bailey
 11425 | Bailey   | Offered knowledge of Foxfire by Vehumet.
 11426 | Bailey   | Reached ** piety under Vehumet
 11936 | D:8      | Reached skill level 1 in Armour
 12104 | D:8      | Found a staircase to the Lair.
 12361 | D:8      | Got Zuikoir's Tome of Attacks
 12466 | D:8      | Reached XP level 11. HP: 36/62 MP: 4/27
 13291 | Lair:1   | Entered Level 1 of the Lair of Beasts
 13291 | Lair:1   | Noticed an eight-headed hydra
 13297 | Lair:1   | Killed an eight-headed hydra
 13302 | Lair:1   | Reached skill level 5 in Fighting
 13302 | Lair:1   | Reached skill level 5 in Stealth
 13302 | Lair:1   | Reached skill level 5 in Shields
 13835 | Lair:1   | Reached skill level 5 in Armour
 14091 | Lair:1   | Offered knowledge of Mephitic Cloud by Vehumet.
 14339 | Lair:1   | Found the +8 whip "Snakebite" {venom, curare, rPois}
 14786 | Lair:1   | Found an ornate altar of the Wu Jian Council.
 15020 | Lair:2   | Found a runed translucent gate.
 15020 | Lair:2   | Found a runed translucent gate.
 15020 | Lair:2   | Found a runed translucent gate.
 15178 | Lair:2   | Found a hole to the Spider Nest.
 15257 | Lair:2   | Reached *** piety under Vehumet
 15672 | Lair:2   | Noticed growler's ghost (journeyman TeAE)
 16557 | Lair:2   | HP: 2/68 [elephant (2)]
 16893 | Lair:2   | Reached XP level 12. HP: 72/73 MP: 22/28
 17523 | Lair:3   | Noticed a four-headed hydra
 17534 | Lair:3   | Killed a four-headed hydra
 17816 | Lair:3   | Offered knowledge of Ignite Poison by Vehumet.
 17823 | Lair:3   | Learned a level 5 spell: Irradiate
 17995 | Lair:3   | Reached skill level 1 in Transmutations
 18184 | Lair:3   | Identified the +9 long sword of Yredelemnul's Grace {elec,
                  | *Noise rElec Str+3 SInv}
 18189 | Lair:3   | Identified the +4 pair of gloves of Xeunut {Will+ Int-4
                  | Dex+2 SInv}
 18415 | Lair:4   | Noticed a five-headed hydra
 18422 | Lair:4   | Killed a five-headed hydra
 18611 | Lair:4   | Reached **** piety under Vehumet
 18971 | Lair:4   | Found a transporter.
 19085 | Lair:4   | Found a staircase to the Shoals.
 19301 | Lair:4   | Found a transporter.
 19316 | Lair:4   | Noticed Tunlugh's ghost (adept GrEE)
 19320 | Lair:4   | Reached XP level 13. HP: 80/80 MP: 29/29
 19357 | Lair:4   | Found a bloodstained altar of Trog.
 19912 | Lair:5   | Offered knowledge of Lee's Rapid Deconstruction by Vehumet.
 20096 | Lair:5   | Learned a level 5 spell: Lee's Rapid Deconstruction
 20279 | Lair:5   | Reached skill level 10 in Stealth
 21365 | Lair:6   | Entered Level 6 of the Lair of Beasts
 21410 | Lair:6   | Reached skill level 10 in Fighting
 21412 | Lair:6   | Reached ***** piety under Vehumet
 21551 | Lair:6   | Offered knowledge of Spellforged Servitor by Vehumet.
 21637 | Lair:5   | Learned a level 4 spell: Iskenderun's Mystic Blast
 21700 | Lair:6   | Reached skill level 10 in Earth Magic
 21706 | Lair:5   | Reached skill level 1 in Translocations
 21918 | Lair:6   | Gained mutation: Your large and strong wings let you fly.
                  | [Gargoyle growth]
 21918 | Lair:6   | Reached XP level 14. HP: 88/88 MP: 19/31
 21952 | Lair:6   | Reached skill level 5 in Transmutations
 22182 | Lair:6   | Learned a level 5 spell: Borgnjor's Vile Clutch
 22307 | Lair:6   | Noticed Urug
 22361 | Lair:6   | Killed Urug
 22809 | Lair:6   | Found a viscous altar of Jiyva.
 22810 | Lair:6   | Found a staircase to the Slime Pits.
 23499 | Lair:2   | Killed growler's ghost
 24092 | D:9      | Noticed Maggie
 24096 | D:9      | Killed Maggie
 24363 | D:9      | Reached skill level 1 in Necromancy
 24720 | D:10     | Entered Level 10 of the Dungeon
 25907 | D:10     | Found a glowing silver altar of Zin.
 26251 | D:11     | Noticed Psyche
 26254 | D:11     | Killed Psyche
 27254 | D:12     | Found a runed translucent gate.
 27255 | D:12     | Found a runed translucent gate.
 27255 | D:12     | Found a runed translucent gate.
 27302 | D:12     | Noticed a quicksilver ooze
 27302 | D:12     | a radroach changed into a quicksilver ooze
 27303 | D:12     | a quicksilver ooze changed into an ice dragon
 27412 | D:12     | You are sucked into a shaft and drop 1 floor!
 27451 | D:12     | Found Joofei Tuen's Weapon Shoppe.
 27503 | D:12     | Reached skill level 10 in Conjurations
 27826 | D:12     | Found a staircase to the Orcish Mines.
 28030 | D:12     | Reached ****** piety under Vehumet
 28030 | D:12     | Offered knowledge of Orb of Destruction by Vehumet.
 28039 | D:12     | Learned a level 7 spell: Orb of Destruction
 28577 | Orc:1    | Entered Level 1 of the Orcish Mines
 28827 | Orc:1    | Learned a level 2 spell: Blink
 29034 | Orc:1    | Noticed Fannar
 29042 | Orc:1    | Killed Fannar
 29316 | Orc:1    | Reached XP level 15. HP: 92/92 MP: 33/33
 29478 | Orc:2    | Entered Level 2 of the Orcish Mines
 29630 | Orc:2    | Found a staircase to the Elven Halls.
 29849 | Orc:2    | Found a radiant altar of Vehumet.
 31143 | Orc:2    | Found Doblocuc's Distillery.
 31158 | Orc:2    | Found Asouh's Assorted Antiques.
 31166 | Orc:2    | Bought a twisted chain mail for 275 gold pieces
 31166 | Orc:2    | Identified the +8 chain mail of Privacy {+Blink rPois rN++
                  | Stlth-} (You bought it in a shop on level 2 of the Orcish
                  | Mines)
 31166 | Orc:2    | Found Oniylin's Magic Scroll Shop.
 31168 | Orc:2    | Found Jiul's Distillery.
 31199 | Orc:2    | Bought a scroll of acquirement for 936 gold pieces
 31211 | Orc:2    | Bought a scroll of blinking for 135 gold pieces
 31211 | Orc:2    | Bought a scroll of teleportation for 54 gold pieces
 31213 | Orc:2    | Bought a potion of heal wounds for 65 gold pieces
 31213 | Orc:2    | Bought a potion of curing for 39 gold pieces
 31213 | Orc:2    | Bought a potion of invisibility for 104 gold pieces
 31213 | Orc:2    | Bought a potion of invisibility for 104 gold pieces
 31293 | Orc:2    | Acquired a book of Touch
 31303 | Orc:2    | Learned a level 4 spell: Dispel Undead
 31642 | Spider:1 | Entered Level 1 of the Spider Nest
 31652 | Spider:1 | Noticed a ghost moth
 31771 | Spider:1 | Killed a ghost moth
 31772 | Spider:1 | Reached skill level 15 in Spellcasting
 32677 | Spider:1 | Reached skill level 5 in Necromancy
 32980 | Spider:1 | Offered knowledge of Iron Shot by Vehumet.
 33007 | Spider:1 | Learned a level 6 spell: Iron Shot
 34439 | Spider:2 | Offered knowledge of Ozocubu's Refrigeration by Vehumet.
 34589 | Spider:2 | Reached XP level 16. HP: 99/99 MP: 35/35
 36069 | Spider:2 | Reached skill level 10 in Armour
 37248 | Spider:3 | Offered knowledge of Iskenderun's Battlesphere by Vehumet.
 38703 | Spider:3 | Found a runed translucent door.
 38703 | Spider:3 | Noticed Ecalaupn's ghost (adept DrBe)
 39054 | Spider:4 | Entered Level 4 of the Spider Nest
 39664 | Shoals:1 | Entered Level 1 of the Shoals
 39838 | Shoals:1 | Identified Roxanne's Guide on Earth
 39838 | Shoals:1 | Noticed Roxanne
 40424 | Shoals:1 | Found Behays's Armour Shop.
 40610 | Shoals:1 | Reached XP level 17. HP: 106/106 MP: 35/37
 41225 | Shoals:1 | Killed Roxanne
 41686 | Shoals:2 | Found Tokuquc's Antique Weapon Shoppe.
 42031 | Shoals:2 | You are sucked into a shaft and drop 1 floor!
 42886 | Shoals:2 | Identified the +0 animal skin of Soft Rains {Rampage rC+++
                  | rCorr Str-2}
 42942 | Shoals:2 | Offered knowledge of Yara's Violent Unravelling by Vehumet.
 45522 | D:13     | Identified the +2 helmet of the Weaver {*Corrode Fly rN++
                  | Will+}
 45571 | D:13     | Reached skill level 15 in Earth Magic
 46536 | D:14     | Found a gate to the Vaults.
 47420 | D:14     | Noticed a sphinx
 47441 | D:14     | Killed a sphinx
 47444 | D:14     | Offered knowledge of Lehudib's Crystal Spear by Vehumet.
 47739 | D:14     | Found a bloodstained altar of Trog.
 48185 | D:14     | Reached XP level 18. HP: 115/115 MP: 17/38
 48714 | D:14     | Identified the +1 plate armour "Wughays" {rPois}
 48900 | D:14     | Noticed Josephine
 48906 | D:14     | Killed Josephine
 49861 | Spider:3 | Learned a level 8 spell: Lehudib's Crystal Spear
 51325 | Spider:4 | Offered knowledge of Fire Storm by Vehumet.
 51325 | Spider:4 | Offered knowledge of Shatter by Vehumet.
 51325 | Spider:4 | Offered knowledge of Polar Vortex by Vehumet.
 54065 | Spider:4 | Got a gossamer rune of Zot
 54348 | Shoals:4 | Entered Level 4 of the Shoals
 55194 | Shoals:4 | Identified the ring of Vuirinn {Will+ Dex+4 Slay+2}
 56607 | Shoals:4 | Found a radiant altar of Vehumet.
 56784 | Shoals:4 | Reached XP level 19. HP: 123/123 MP: 26/40
 57217 | Shoals:4 | Reached skill level 15 in Fighting
 57507 | Shoals:4 | Got a barnacled rune of Zot
 57613 | Shoals:4 | Reached skill level 15 in Conjurations
 57716 | Shoals:4 | Paralysed by an air elemental for 1 turns
 57718 | Shoals:4 | Paralysed by an air elemental for 1 turns
 58315 | D:15     | Entered Level 15 of the Dungeon
 58706 | D:15     | Noticed Louise
 58711 | D:15     | Killed Louise
 59275 | D:15     | Found a staircase to the Depths.
 59337 | D:15     | Found Juharph's Antique Armour Boutique.
 59410 | D:15     | Bought a steaming robe for 182 gold pieces
 59410 | D:15     | Identified the +2 robe of the Ten Continents {+Inv rPois}
                  | (You bought it in a shop on level 15 of the Dungeon)
 59614 | D:15     | Noticed Kirke
 59626 | D:15     | Killed Kirke
 60108 | Vaults:1 | Entered Level 1 of the Vaults
 60789 | Vaults:1 | You are sucked into a shaft and drop 1 floor!
 61213 | Vaults:2 | Found a flickering gateway to a bazaar.
 61239 | Bazaar   | Entered a bazaar
 61405 | Bazaar   | Found Sexzeoh's Weapon Emporium.
 61421 | Bazaar   | Found Raemihaxes's Weapon Emporium.
 61421 | Bazaar   | Found Kaejyp's Book Shoppe.
 61443 | Bazaar   | Found Vomuq's Armour Emporium.
 61443 | Bazaar   | Found Esexoomi's Antique Weapon Shoppe.
 61454 | Bazaar   | Bought a buzzing scimitar for 270 gold pieces
 61454 | Bazaar   | Identified the +9 scimitar of Qoafokhli {elec, rN+} (You
                  | bought it in a shop in a bazaar)
 61454 | Bazaar   | Bought a transparent hand axe for 240 gold pieces
 61454 | Bazaar   | Identified the +8 hand axe "Sirics" {protect, Str+4 Stlth+}
                  | (You bought it in a shop in a bazaar)
 62419 | Vaults:1 | Identified the +6 flail "Q" {flame, rElec rN++ Int-5}
 62543 | Vaults:1 | Reached XP level 20. HP: 129/129 MP: 41/42
 64664 | Elf:1    | Entered Level 1 of the Elven Halls
 64970 | Elf:1    | Identified the +1 leather armour of Zaovoeph {Dex+6}
 65397 | Elf:1    | Found Boawiumo's Magic Scroll Boutique.
 65400 | Elf:1    | Bought a scroll of teleportation for 42 gold pieces
 65400 | Elf:1    | Bought a scroll of blinking for 105 gold pieces
 65505 | Elf:1    | Learned a level 9 spell: Shatter
 66682 | Elf:1    | Got the Collected Works on the Arsonist
 66689 | Elf:1    | Got the Compendium of Cold
 66700 | Elf:1    | Got the Handbook of the Birds
 67068 | Elf:2    | Paralysed by an air elemental for 1 turns
 67337 | Elf:2    | Identified the +2 plate armour "Rab Eter" {Will+ Int+3}
 67908 | Elf:2    | Found Ruequys's General Store.
 68059 | Elf:2    | Found a runed translucent gate.
 68060 | Elf:2    | Found a runed translucent gate.
 68065 | Elf:2    | Found a runed translucent gate.
 68131 | Elf:3    | Entered Level 3 of the Elven Halls
 68764 | Slime:1  | Entered Level 1 of the Pits of Slime
 69816 | Vaults:2 | Reached XP level 21. HP: 134/134 MP: 5/45
 72783 | Vaults:3 | Identified the +8 chain mail of Zin's Wrath {rElec Str+4}
 74194 | Vaults:3 | Reached skill level 5 in Dodging
 75525 | Vaults:3 | Found a staircase to the Crypt.
 76644 | D:6      | Bought a runed hat for 161 gold pieces
 76818 | Shoals:1 | Bought a +2 kite shield for 247 gold pieces
 77245 | Crypt:1  | Entered Level 1 of the Crypt
 77661 | Crypt:1  | Noticed Vailuoroe's ghost (veteran GrEE)
 77667 | Crypt:1  | Found a runed translucent door.
 78674 | Crypt:1  | Reached XP level 22. HP: 140/140 MP: 45/47
 78822 | Crypt:1  | Noticed Frederick
 78835 | Crypt:1  | Killed Frederick
 82740 | Crypt:3  | Entered Level 3 of the Crypt
 84438 | Crypt:3  | Noticed an ancient lich
 84565 | Crypt:3  | Killed an ancient lich
 84566 | Crypt:3  | Reached skill level 15 in Armour
 85286 | Crypt:3  | Found a staircase to the Tomb.
 85350 | Crypt:3  | Reached XP level 23. HP: 144/144 MP: 21/48
 85539 | Crypt:3  | Found an ancient bone altar of Kikubaaqudgha.
 86241 | Slime:1  | Reached skill level 1 in Evocations
 90969 | Slime:5  | Entered Level 5 of the Pits of Slime
 90994 | Slime:5  | Noticed the Royal Jelly
 91130 | Slime:5  | Gained mutation: You are frail. (-10% HP) [a shining eye]
 91554 | Slime:5  | Reached skill level 5 in Evocations
 91883 | Slime:5  | Found a viscous altar of Jiyva.
 91883 | Slime:5  | Found the +8 Wrath of Trog {antimagic, *Rage Rampage}
 91968 | Slime:5  | Killed the Royal Jelly
 92423 | Slime:5  | Got a slimy rune of Zot
 92463 | Slime:5  | Identified the amulet of Doors {RegenMP Rampage rF- rC+++
                  | Will-}
 92543 | Slime:5  | Got the Catalogue of Hexes
 92572 | Slime:5  | Identified the +8 scimitar "Onyseon" {venom, MP+9 Str+3}
 92620 | Slime:5  | Identified the +12 hunting sling of Xerghac {speed, rC++}
 94512 | D:14     | Lost mutation: You are frail. (-10% HP) [potion of
                  | mutation]
 94512 | D:14     | Gained mutation: Your muscles are strong. (Str +2) [potion
                  | of mutation]
 94512 | D:14     | Gained mutation: You do not regenerate when monsters are
                  | visible. [potion of mutation]
 94512 | D:14     | Gained mutation: You have large cloven feet. [potion of
                  | mutation]
 94512 | D:14     | Gained mutation: You have a pair of small horns on your
                  | head. [potion of mutation]
 94513 | D:14     | Lost mutation: You have a pair of small horns on your head.
                  | [potion of mutation]
 94513 | D:14     | Lost mutation: Your muscles are strong. (Str +2) [potion of
                  | mutation]
 94513 | D:14     | Gained mutation: You are partially covered in iridescent
                  | scales. (AC +2) [potion of mutation]
 94513 | D:14     | Gained mutation: You possess an exceptional clarity of
                  | mind. [potion of mutation]
 94514 | D:14     | Lost mutation: You are partially covered in iridescent
                  | scales. (AC +2) [potion of mutation]
 94514 | D:14     | Lost mutation: You have large cloven feet. [potion of
                  | mutation]
 94514 | D:14     | Lost mutation: You do not regenerate when monsters are
                  | visible. [potion of mutation]
 94514 | D:14     | Gained mutation: Your flesh is heat resistant. (rF+)
                  | [potion of mutation]
 94514 | D:14     | Gained mutation: Your movements are slightly less
                  | encumbered by armour. (ER -2) [potion of mutation]
 94629 | Depths:1 | Entered Level 1 of the Depths
 95456 | Depths:1 | Reached XP level 24. HP: 150/150 MP: 49/49
 95750 | Depths:1 | Found a gateway to Hell.
 95893 | Depths:1 | Found a one-way gate to the infinite horrors of the Abyss.
 96425 | Depths:1 | Found a shimmering altar of Xom.
 97889 | Elf:3    | Got Sif Muna's Grimoire of the Fetching Compass
 97900 | Elf:3    | Got the Incunabulum of the Virous Arsonist
 97939 | Elf:3    | Identified the amulet of Dyseirrogefo {Faith Fragile +Blink
                  | Int+8 Slay+2}
 98398 | Elf:3    | Identified the +8 flail "Duwe" {speed, Stlth+}
 98403 | Elf:3    | Identified the +7 halberd of Leynieg {freeze, rC- rN+++
                  | Int+7 Dex-3}
 98578 | Elf:3    | Identified the -3 pair of gloves of Apathy {Slay+2}
 98817 | Elf:3    | Identified the +9 plate armour of Suoxkax {rElec rPois rC-}
101547 | Vaults:4 | Found a radiant altar of Vehumet.
101550 | Vaults:4 | Found a transporter.
101979 | Vaults:4 | Identified the +2 hat of Generosity {+Inv rElec}
101986 | Vaults:4 | Got the Grimoire of Air and Conjuration
102139 | Vaults:4 | Found a transporter.
102468 | Depths:1 | Reached XP level 25. HP: 155/155 MP: 3/50
103179 | Depths:2 | Found an ancient bone altar of Kikubaaqudgha.
103360 | Depths:2 | Found a basalt altar of Yredelemnul.
103361 | Depths:2 | Noticed Nikola
103368 | Depths:2 | Killed Nikola
103369 | Depths:2 | Reached skill level 10 in Shields
103763 | Depths:2 | Found Biex's Weapon Shoppe.
103870 | Depths:2 | Found a one-way gate leading to the halls of Pandemonium.
103879 | Depths:2 | Reached skill level 27 in Earth Magic
104024 | Depths:2 | You are sucked into a shaft and drop 2 floors!
104024 | Depths:4 | Entered Level 4 of the Depths
104135 | Depths:4 | Found Jerumiry's Jewellery Shop.
104137 | Depths:4 | Found Bohullixie's Antique Armour Boutique.
104139 | Depths:4 | Found Duosus's Jewellery Shop.
104204 | Depths:4 | Bought the ring "Fokhlug" {rC+ Will+ Int+3 Stlth+} for 577
                  | gold pieces
104937 | Depths:4 | Found a gate to the Realm of Zot.
104981 | Depths:4 | Found a stormy altar of Qazlal.
105212 | Depths:3 | Found a blossoming altar of Fedhas.
105360 | Depths:3 | Noticed a juggernaut
105367 | Depths:4 | Gained mutation: You are partially covered in iridescent
                  | scales. (AC +2) [a shining eye]
105554 | Depths:4 | Found a one-way gateway to a ziggurat.
106069 | Depths:4 | Found a faded altar of an unknown god.
106070 | Depths:4 | Found a hazy altar of Hepliaklqana.
106094 | Depths:4 | Found a faded altar of an unknown god.
106388 | Depths:2 | Paralysed by a floating eye for 2 turns
106478 | Depths:2 | Noticed a juggernaut
106483 | Depths:2 | Killed a juggernaut
107465 | Depths:3 | Identified the +11 falchion of the Shrike {vorpal, rPois
                  | rF+++ rCorr MP-9}
107777 | Depths:3 | Noticed a juggernaut
108059 | Depths:3 | Killed a juggernaut
108113 | Depths:3 | Killed a juggernaut
108418 | Depths:3 | Reached XP level 26. HP: 152/164 MP: 50/50
108612 | Depths:3 | Found a portal to a secret trove of treasure.
108674 | Depths:3 | Found a sacrificial altar of Ru.
109128 | Vaults:5 | Entered Level 5 of the Vaults
109461 | Vaults:5 | Identified the +8 mace of the Sage {vorpal, rPois Stlth+}
109878 | Vaults:5 | Noticed an ancient lich
109881 | Vaults:5 | Killed an ancient lich
110097 | Vaults:5 | Identified the +3 rapier of Big Damage {spect, SInv}
110118 | Vaults:5 | Noticed an ancient lich
110311 | Vaults:5 | Killed an ancient lich
110475 | Vaults:5 | Identified the +7 shortbow of the Special Places {flame,
                  | Drain rPois Int+8}
110629 | Vaults:5 | Reached skill level 10 in Evocations
111202 | Vaults:5 | Identified the ring of Xuerghyli {rN+ Int+6}
113099 | Vaults:5 | Got a silver rune of Zot
113813 | Zot:1    | Entered Level 1 of the Realm of Zot
115212 | Zot:1    | Reached XP level 27. HP: 156/159 MP: 26/50
115615 | Zot:1    | Acquired the +2 pair of gloves of the Arcane {Rampage rF-
                  | Will+ Regen+}
116097 | Tomb:1   | Entered Level 1 of the Tomb of the Ancients
118003 | Tomb:1   | Noticed a royal mummy
118007 | Tomb:1   | Noticed a royal mummy
118008 | Tomb:1   | Killed a royal mummy
118116 | Tomb:1   | Noticed a royal mummy
118120 | Tomb:1   | Killed a royal mummy
118154 | Tomb:1   | Noticed a royal mummy
118177 | Tomb:1   | Killed a royal mummy
118262 | Tomb:1   | Noticed a royal mummy
118268 | Tomb:1   | Killed a royal mummy
118318 | Tomb:1   | Noticed a royal mummy
118328 | Tomb:1   | Killed a royal mummy
118455 | Tomb:1   | Killed a royal mummy
122613 | Crypt:3  | Identified the +10 rapier of Iconoclasm {venom, rF++ Str+3}
123459 | Depths:4 | Bought a runed buckler for 300 gold pieces
123459 | Depths:4 | Bought a pair of runed boots for 300 gold pieces
123558 | Zot:3    | Reached skill level 1 in Fire Magic
123788 | Zot:3    | You are sucked into a shaft and drop 1 floor!
124025 | Zot:3    | Identified the +7 broad axe of Saltpetre {flame, Str+4
                  | Stlth+}
124724 | Zot:4    | Reached skill level 5 in Fire Magic
125243 | Zot:5    | Entered Level 5 of the Realm of Zot
126578 | Zot:5    | Noticed a dread lich
126584 | Zot:5    | Killed a dread lich
126693 | Zot:5    | Noticed an orb of fire
126700 | Zot:5    | Killed an orb of fire
126975 | Zot:5    | Noticed an orb of fire
127021 | Zot:5    | Gained mutation: You are dopey. (Int -2) [an orb of fire]
127022 | Zot:5    | Gained mutation: Your spells are a little easier to cast,
                  | but a little less powerful. [an orb of fire]
127024 | Zot:5    | Killed an orb of fire
127120 | Zot:5    | Reached skill level 10 in Fire Magic
127659 | Zot:5    | Noticed an orb of fire
127662 | Zot:5    | Gained mutation: You occasionally shout uncontrollably at
                  | your foes. [an orb of fire]
127663 | Zot:5    | Killed an orb of fire
127803 | Zot:5    | Noticed an orb of fire
127841 | Zot:5    | Killed an orb of fire
128047 | Zot:5    | Noticed an ancient lich
128056 | Zot:5    | Killed an ancient lich
128082 | Zot:5    | Noticed an orb of fire
128083 | Zot:5    | Gained mutation: You sometimes lose the ability to read
                  | scrolls when taking damage. [an orb of fire]
128088 | Zot:5    | Killed an orb of fire
128125 | Zot:5    | Lost mutation: Your flesh is heat resistant. (rF+) [potion
                  | of mutation]
128125 | Zot:5    | Lost mutation: You sometimes lose the ability to read
                  | scrolls when taking damage. [potion of mutation]
128138 | Zot:5    | Noticed an orb of fire
128325 | Zot:5    | Noticed a dread lich
128359 | Zot:5    | Killed a dread lich
128637 | Zot:5    | Noticed an orb of fire
128657 | Zot:5    | Gained mutation: You are frail. (-10% HP) [an orb of fire]
128658 | Zot:5    | Killed an orb of fire
128994 | Zot:5    | Gained mutation: Your magical capacity is low. (-10% MP)
                  | [an orb of fire]
129001 | Zot:5    | Killed an orb of fire
129346 | Zot:5    | Lost mutation: You are partially covered in iridescent
                  | scales. (AC +2) [potion of mutation]
129346 | Zot:5    | Lost mutation: Your movements are slightly less encumbered
                  | by armour. (ER -2) [potion of mutation]
129346 | Zot:5    | Lost mutation: You possess an exceptional clarity of mind.
                  | [potion of mutation]
129346 | Zot:5    | Gained mutation: You expend magic power (3 MP) to
                  | strengthen your wands. [potion of mutation]
129347 | Zot:5    | Lost mutation: Your magical capacity is low. (-10% MP)
                  | [potion of mutation]
129347 | Zot:5    | Lost mutation: You are frail. (-10% HP) [potion of
                  | mutation]
129347 | Zot:5    | Lost mutation: You expend magic power (3 MP) to strengthen
                  | your wands. [potion of mutation]
129347 | Zot:5    | Gained mutation: You have large cloven feet. [potion of
                  | mutation]
129347 | Zot:5    | Gained mutation: A frigid envelope surrounds you and
                  | freezes all who hurt you. [potion of mutation]
129348 | Zot:5    | Lost mutation: You have large cloven feet. [potion of
                  | mutation]
129348 | Zot:5    | Lost mutation: A frigid envelope surrounds you and freezes
                  | all who hurt you. [potion of mutation]
129348 | Zot:5    | Gained mutation: You tend to lose your temper in combat.
                  | [potion of mutation]
129349 | Zot:5    | Lost mutation: Your spells are a little easier to cast, but
                  | a little less powerful. [potion of mutation]
129349 | Zot:5    | Lost mutation: You tend to lose your temper in combat.
                  | [potion of mutation]
129349 | Zot:5    | Gained mutation: You are partially covered in iridescent
                  | scales. (AC +2) [potion of mutation]
129362 | Zot:5    | Lost mutation: You are dopey. (Int -2) [potion of mutation]
129362 | Zot:5    | Lost mutation: You are partially covered in iridescent
                  | scales. (AC +2) [potion of mutation]
129362 | Zot:5    | Lost mutation: You occasionally shout uncontrollably at
                  | your foes. [potion of mutation]
129362 | Zot:5    | Gained mutation: You are frail. (-10% HP) [potion of
                  | mutation]
129362 | Zot:5    | Gained mutation: You expend magic power (3 MP) to
                  | strengthen your wands. [potion of mutation]
129363 | Zot:5    | Lost mutation: You expend magic power (3 MP) to strengthen
                  | your wands. [potion of mutation]
129363 | Zot:5    | Lost mutation: You are frail. (-10% HP) [potion of
                  | mutation]
129363 | Zot:5    | Gained mutation: You occasionally shout uncontrollably at
                  | your foes. [potion of mutation]
129363 | Zot:5    | Gained mutation: You have very sharp teeth. [potion of
                  | mutation]
129363 | Zot:5    | Gained mutation: Your muscles are strong. (Str +2) [potion
                  | of mutation]
129526 | Hell     | Entered the Vestibule of Hell
129526 | Hell     | Noticed Geryon
129534 | Hell     | Killed Geryon
129846 | Hell     | Found a gateway to the ashen valley of Gehenna.
130193 | Hell     | Found a gateway to the decaying netherworld of Tartarus.
130370 | Hell     | Found a gateway to the freezing wastes of Cocytus.
130518 | Hell     | Found a gateway to the Iron City of Dis.
130842 | D:12     | Found a runed translucent gate.
130842 | D:12     | Found a runed translucent gate.
130842 | D:12     | Found a runed translucent gate.
130848 | D:12     | Noticed Shukka's ghost (journeyman MiBe)
130963 | D:12     | Killed Shukka's ghost
131439 | Depths:2 | Learned a level 1 spell: Apportation
131607 | D:12     | Identified the +1 pair of gloves of Ninonkei {Regen+ Int+4}
132231 | Depths:4 | Bought the ring of the Nine Olives {+Blink rF+ rN+ Str+4
                  | Int-3} for 775 gold pieces
132406 | Pan      | Entered Pandemonium
132510 | Pan      | Found an exit through the horrors of the Abyss.
132737 | Pan      | Entered the realm of Mnoleg.
132759 | Pan      | Noticed Mennas
132783 | Pan      | Killed Mennas
133243 | Pan      | Gained mutation: You tend to lose your temper in combat. [a
                  | shining eye]
133244 | Pan      | Gained mutation: Armour fits poorly on your strangely
                  | shaped body. [a shining eye]
133306 | Pan      | Gained mutation: Potions are less effective at restoring
                  | your health. [a neqoxec]
133393 | Pan      | Gained mutation: You frequently scream uncontrollably at
                  | your foes. [a cacodemon]
133523 | Pan      | Noticed Mnoleg
133533 | Pan      | Killed Mnoleg
133623 | Pan      | Got a glowing rune of Zot
133703 | Pan      | Gained mutation: You are frail. (-10% HP) [a cacodemon]
133878 | Pan      | Paralysed by a floating eye for 3 turns
133940 | Pan      | Lost mutation: Armour fits poorly on your strangely shaped
                  | body. [potion of mutation]
133940 | Pan      | Lost mutation: You tend to lose your temper in combat.
                  | [potion of mutation]
133941 | Pan      | Lost mutation: Your muscles are strong. (Str +2) [potion of
                  | mutation]
133941 | Pan      | Lost mutation: Potions are less effective at restoring your
                  | health. [potion of mutation]
133941 | Pan      | Gained mutation: You have a pair of small antennae on your
                  | head. [potion of mutation]
133941 | Pan      | Lost mutation: You are frail. (-10% HP) [potion of
                  | mutation]
133942 | Pan      | Lost mutation: You have a pair of small antennae on your
                  | head. [potion of mutation]
133942 | Pan      | Lost mutation: You have very sharp teeth. [potion of
                  | mutation]
133942 | Pan      | Gained mutation: You have sharp toenails. [potion of
                  | mutation]
133942 | Pan      | Gained mutation: You sometimes lose the ability to read
                  | scrolls when taking damage. [potion of mutation]
133942 | Pan      | Gained mutation: You are agile. (Dex +2) [potion of
                  | mutation]
133943 | Pan      | Lost mutation: You frequently scream uncontrollably at your
                  | foes. [potion of mutation]
133943 | Pan      | Lost mutation: You sometimes lose the ability to read
                  | scrolls when taking damage. [potion of mutation]
133943 | Pan      | Lost mutation: You occasionally shout uncontrollably at
                  | your foes. [potion of mutation]
133943 | Pan      | Gained mutation: Your mind is acute. (Int +2) [potion of
                  | mutation]
133943 | Pan      | Gained mutation: You occasionally shout uncontrollably at
                  | your foes. [potion of mutation]
133943 | Pan      | Gained mutation: You are partially covered in iridescent
                  | scales. (AC +2) [potion of mutation]
133943 | Pan      | Gained mutation: You have razor-sharp toenails. [potion of
                  | mutation]
134659 | Pan      | Noticed Orphoc the pandemonium lord
134904 | Pan      | Identified the +6 fustibalus of Quantum Leap {venom, rN+
                  | Str+2 Int-4 SInv}
135846 | Pan      | Entered the realm of Gloorx Vloq.
136559 | Pan      | Noticed Gloorx Vloq
137410 | Pan      | Killed Gloorx Vloq
137534 | Pan      | Reached skill level 15 in Fire Magic
137651 | Pan      | Got a dark rune of Zot
137765 | Depths:2 | Escaped Pandemonium
138181 | Orc:2    | Bought a potion of mutation for 104 gold pieces
138181 | Orc:2    | Bought a potion of brilliance for 52 gold pieces
138181 | Orc:2    | Bought a potion of might for 52 gold pieces
138191 | Orc:2    | Bought a potion of magic for 232 gold pieces
138191 | Orc:2    | Bought a scroll of summoning for 275 gold pieces
138191 | Orc:2    | Bought a potion of heal wounds for 145 gold pieces
138191 | Orc:2    | Bought a potion of brilliance for 116 gold pieces
138193 | Orc:2    | Bought a potion of curing for 36 gold pieces
138193 | Orc:2    | Bought a potion of magic for 96 gold pieces
138193 | Orc:2    | Bought a potion of heal wounds for 60 gold pieces
138193 | Orc:2    | Bought a potion of curing for 36 gold pieces
138193 | Orc:2    | Bought a potion of curing for 36 gold pieces
138442 | Pan      | Entered Pandemonium
138475 | Pan      | Found an exit through the horrors of the Abyss.
139068 | Pan      | Noticed Isuviur the pandemonium lord
139082 | Pan      | Killed Isuviur the pandemonium lord
139452 | Pan      | Reached skill level 15 in Shields
139552 | Pan      | Got a demonic rune of Zot
140068 | Pan      | Entered the realm of Lom Lobon.
140068 | Pan      | Found an exit through the horrors of the Abyss.
140233 | Pan      | Noticed Lom Lobon
140717 | Pan      | Killed Lom Lobon
140784 | Pan      | Got a magical rune of Zot
142425 | Pan      | Found a transporter.
142470 | Pan      | Entered the realm of Cerebov.
142477 | Pan      | Identified the +5 battleaxe of War {freeze, rElec Int+4}
142510 | Pan      | Got the Handbook of Torrid Curses
142559 | Pan      | Got the Reference Book on Summoning
142710 | Pan      | Found the +6 sword of Cerebov {flame}
142710 | Pan      | Noticed Cerebov
142724 | Pan      | Killed Cerebov
142902 | Pan      | Got a fiery rune of Zot
143239 | Pan      | Found an exit through the horrors of the Abyss.
143287 | Pan      | Took an exit into the Abyss.
143287 | Abyss:1  | Escaped into the Abyss
143293 | Abyss:1  | Found a shimmering altar of Xom.
143804 | Depths:2 | Escaped the Abyss
144120 | Dis:1    | Entered Level 1 of the Iron City of Dis
145628 | Dis:5    | Noticed an ancient lich
145628 | Dis:5    | Noticed an ancient lich
145630 | Dis:5    | Killed an ancient lich
145634 | Dis:5    | Killed an ancient lich
145967 | Dis:7    | Entered Level 7 of the Iron City of Dis
146005 | Dis:7    | Noticed a juggernaut
146012 | Dis:7    | Killed a juggernaut
146015 | Dis:7    | Noticed a juggernaut
146023 | Dis:7    | Killed a juggernaut
146658 | Pan      | Entered Pandemonium
146849 | Pan      | Noticed Hopesam the pandemonium lord
146873 | Pan      | Found an exit through the horrors of the Abyss.
146882 | Pan      | Took an exit into the Abyss.
146882 | Abyss:1  | Escaped into the Abyss
147050 | Abyss:2  | Found a shimmering blue altar of Sif Muna.
147483 | Abyss:2  | Noticed an ancient lich
147484 | Abyss:2  | Killed an ancient lich
147487 | Depths:2 | Escaped the Abyss
147517 | Pan      | Entered Pandemonium
147668 | Pan      | Found an exit through the horrors of the Abyss.
147837 | Pan      | Noticed Verrerix the pandemonium lord
147840 | Pan      | Killed Verrerix the pandemonium lord
148297 | Pan      | Learned a level 9 spell: Fire Storm
148306 | Pan      | Learned a level 8 spell: Ignition
148544 | Pan      | Found an exit through the horrors of the Abyss.
148694 | Pan      | Gained mutation: Your magical capacity is low. (-10% MP) [a
                  | cacodemon]
148835 | Depths:2 | Escaped Pandemonium
148903 | Geh:1    | Entered Level 1 of Gehenna
148912 | Geh:2    | You are sucked into a shaft and drop 1 floor!
149694 | Geh:7    | Entered Level 7 of Gehenna
149786 | Geh:7    | Found the +7 sceptre of Asmodeus
149786 | Geh:7    | Noticed Asmodeus
149946 | Tar:1    | Entered Level 1 of Tartarus
150393 | Tar:2    | Reached skill level 15 in Stealth
151100 | Tomb:1   | Noticed a royal mummy
151105 | Tomb:1   | Killed a royal mummy
151224 | Tomb:1   | Noticed a royal mummy
151230 | Tomb:1   | Noticed a royal mummy
151232 | Tomb:1   | Noticed a royal mummy
151234 | Tomb:1   | Noticed a royal mummy
151235 | Tomb:1   | Noticed a royal mummy
151237 | Tomb:1   | Killed a royal mummy
151237 | Tomb:1   | Noticed a royal mummy
151240 | Tomb:1   | Noticed a royal mummy
151801 | Tomb:1   | Killed a royal mummy
151867 | Tomb:1   | Noticed a royal mummy
151898 | Tomb:1   | Killed a royal mummy
152219 | Tomb:1   | Noticed a royal mummy
152225 | Tomb:1   | Killed a royal mummy
152300 | Tomb:1   | Noticed a royal mummy
152340 | Tomb:1   | Noticed a royal mummy
152341 | Tomb:1   | Noticed a royal mummy
152383 | Tomb:1   | Killed a royal mummy
152438 | Tomb:1   | Killed a royal mummy
152535 | Tomb:1   | Killed a royal mummy
152587 | Tomb:1   | Killed a royal mummy
153354 | Tomb:1   | Killed a royal mummy
153357 | Tomb:1   | Killed a royal mummy
153454 | Tomb:1   | Killed a royal mummy
153657 | Tomb:1   | Killed a royal mummy
154728 | Dis:7    | Identified the +5 rapier "Nebergh" {spect, rCorr Str+6
                  | Int+4}
154885 | Dis:7    | Noticed a juggernaut
154891 | Dis:7    | Killed a juggernaut
156373 | Pan      | Entered Pandemonium
156666 | Pan      | Acquired 793 gold pieces
156728 | Pan      | Found an exit through the horrors of the Abyss.
157356 | Pan      | Identified the +1 falchion of Prudence {vamp, *Noise Str+5}
157404 | Pan      | Noticed Piopihyu the pandemonium lord
157410 | Pan      | Killed Piopihyu the pandemonium lord
158125 | Pan      | Noticed Wuam the pandemonium lord
158131 | Pan      | Killed Wuam the pandemonium lord
158414 | Pan      | Found an exit through the horrors of the Abyss.
158532 | Pan      | Identified the +2 chain mail "Opseisot" {Harm}
158598 | Pan      | Acquired a book of Blasting
159557 | Pan      | Took an exit into the Abyss.
159557 | Abyss:1  | Escaped into the Abyss
159909 | Abyss:2  | Found a sparkling altar of Nemelex Xobeh.
160123 | Depths:2 | Escaped the Abyss
160601 | Dis:7    | Found the +4 staff of Dispater
160601 | Dis:7    | Noticed Dispater
160616 | Dis:7    | Killed Dispater
160641 | Dis:7    | Got an iron rune of Zot
160642 | Dis:7    | Identified the ring "Ypsim" {rC+ Str+6 Dex+4}
161011 | Pan      | Entered Pandemonium
161368 | Pan      | Noticed Xuuhun the pandemonium lord
161372 | Pan      | Killed Xuuhun the pandemonium lord
161438 | Pan      | Gained mutation: You have hidden genetic defects. [a
                  | neqoxec]
161853 | Pan      | Found an exit through the horrors of the Abyss.
161980 | Pan      | Noticed Atzojoku the pandemonium lord
162118 | Pan      | Found an exit through the horrors of the Abyss.
162348 | Depths:2 | Escaped Pandemonium
162363 | Pan      | Entered Pandemonium
162363 | Pan      | Noticed Lama the pandemonium lord
162378 | Pan      | Killed Lama the pandemonium lord
162862 | Pan      | Gained mutation: You are frail. (-10% HP) [hidden defects]
163623 | Pan      | Found an exit through the horrors of the Abyss.
163754 | Pan      | Noticed Zacoy the pandemonium lord
163759 | Pan      | Killed Zacoy the pandemonium lord
164388 | Pan      | Gained mutation: You sometimes lose the ability to read
                  | scrolls when taking damage. [hidden defects]
164388 | Pan      | Lost mutation: You have hidden genetic defects. [hidden
                  | defects expressed]
164490 | Pan      | Lost mutation: You are agile. (Dex +2) [potion of mutation]
164490 | Pan      | Lost mutation: You sometimes lose the ability to read
                  | scrolls when taking damage. [potion of mutation]
164490 | Pan      | Lost mutation: You are frail. (-10% HP) [potion of
                  | mutation]
164490 | Pan      | Gained mutation: You passively map a small area around you.
                  | [potion of mutation]
164490 | Pan      | Gained mutation: You sometimes lose the ability to read
                  | scrolls when taking damage. [potion of mutation]
164490 | Pan      | Gained mutation: You expend magic power (3 MP) to
                  | strengthen your wands. [potion of mutation]
164844 | Pan      | Reached skill level 27 in Spellcasting
164870 | Pan      | Reached skill level 27 in Fighting
165024 | Pan      | Gained mutation: You are frail. (-10% HP) [a cacodemon]
165157 | Pan      | Noticed Fiuwocrui the pandemonium lord
165163 | Pan      | Killed Fiuwocrui the pandemonium lord
166196 | Pan      | Reached skill level 27 in Conjurations
166553 | Pan      | Found an exit through the horrors of the Abyss.
166884 | Pan      | Noticed Fef Xula the pandemonium lord
167064 | Pan      | Noticed Hixomp the pandemonium lord
167094 | Pan      | Killed Hixomp the pandemonium lord
167522 | Pan      | Noticed Seteukk the pandemonium lord
167549 | Pan      | Found an exit through the horrors of the Abyss.
167558 | Pan      | Took an exit into the Abyss.
167558 | Abyss:1  | Escaped into the Abyss
167758 | Abyss:4  | Reached skill level 10 in Dodging
167758 | Abyss:4  | Got an abyssal rune of Zot
167763 | Depths:2 | Escaped the Abyss
170960 | Pan      | Entered Pandemonium
171526 | Pan      | Noticed Tyremn the pandemonium lord
171552 | Pan      | Killed Tyremn the pandemonium lord
171922 | Pan      | Identified the +3 dagger of Tuwi {chaos, rN++ Dex+6 Stlth-}
172056 | Pan      | Found an exit through the horrors of the Abyss.
172325 | Depths:2 | Escaped Pandemonium
172949 | Pan      | Entered Pandemonium
172993 | Pan      | Lost mutation: You have razor-sharp toenails. [potion of
                  | mutation]
172993 | Pan      | Lost mutation: You expend magic power (3 MP) to strengthen
                  | your wands. [potion of mutation]
172996 | Pan      | Lost mutation: Your magical capacity is low. (-10% MP)
                  | [potion of mutation]
172996 | Pan      | Lost mutation: Your mind is acute. (Int +2) [potion of
                  | mutation]
172996 | Pan      | Lost mutation: You are partially covered in iridescent
                  | scales. (AC +2) [potion of mutation]
173001 | Pan      | Noticed Ucegotus the pandemonium lord
173004 | Pan      | Gained mutation: You are agile. (Dex +2) [a cacodemon]
173024 | Pan      | Killed Ucegotus the pandemonium lord
173778 | Pan      | Found an exit through the horrors of the Abyss.
173785 | Pan      | Took an exit into the Abyss.
173785 | Abyss:1  | Escaped into the Abyss
173852 | Depths:2 | Escaped the Abyss
174035 | Geh:7    | Killed Asmodeus
174063 | Geh:7    | Got an obsidian rune of Zot
174693 | Tomb:2   | Noticed a royal mummy
174694 | Tomb:2   | Noticed a royal mummy
174695 | Tomb:2   | Noticed a royal mummy
174699 | Tomb:2   | Noticed Boris
174700 | Tomb:2   | Noticed a royal mummy
174700 | Tomb:2   | HP: 7/179 [death scarab (15)]
174703 | Tomb:2   | Killed Boris
174703 | Tomb:2   | Mangled by a death scarab

Illustrated notes

Levels and vault maps discovered:
D:1:      dpeg_arrival_houses_and_road, layout_basic
D:2:      layout_loops_ring, kennysheep_generic_room_6, uniq_natasha
D:3:      layout_basic, regret_index_temple_of_mockery,
          hellmonk_ecumenical_altar_zigzags, st_stairs_8
D:4:      layout_gridville, serial_rivers, chequers_serial_rivers_micro_b,
          chequers_serial_rivers_small_3, chequers_serial_rivers_micro_b,
          chequers_serial_rivers_small_a, chequers_serial_rivers_micro_e,
          uniq_pikel
D:5:      cheibrodos_helix_gallery, layout_basic,
          minmay_temple_entry_large_hall, ebering_ghost_sewer_f
D:6:      layout_loops_ring, nicolae_overflow_hidden_temple,
          nemelex_spade_bored_becter, serial_shops, nicolae_shop_behind_doors,
          uniq_eustachio, uniq_menkaure
D:7:      layout_basic
D:8:      layout_gridville, erik_lair_island, enter_bailey_2, minivault_22,
          minmay_misc_feat_tower
D:9:      layout_irregular_city, hangedman_abyss_or_decor_passed, uniq_maggie
D:10:     layout_gridville, mainiacjoe_overflow_alcove_1
D:11:     layout_basic, uniq_psyche
D:12:     layout_loops_ring, minmay_orc_entry_temple_small,
          ploomutoo_gammafunk_ghost_potion_laboratory,
          nicolae_inconvenience_store
D:13:     layout_stronghold, grunt_ministairs_2, minmay_lindwurm_lava
D:14:     minmay_bad_star, layout_grid_maze, lightli_vaults_fourway_checkpoint,
          trog_three_pillars_becter, minivault_10, uniq_josephine
D:15:     grunt_enter_depths_magical_seal, layout_loops_ring, serial_shops,
          nicolae_square_shop, uniq_kirke, uniq_louise
Temple:   regret_index_temple_waves
Lair:1:   minmay_guarded_unrand_snakebite, layout_loops_ring, basic_altar,
          infiniplex_staircase_pool_2
Lair:2:   layout_layer_cave, dummy_spider_entry, gammafunk_ghost_split
Lair:3:   beast_lair_carwin_large_2, layout_hall_layers
Lair:4:   minmay_lair_oklob_chamber, layout_cave_pods, shoals_dummy_entry,
          gammafunk_ghost_wrathful_warriors, serial_bayou_shore_b
Lair:5:   layout_hall_layers, grunt_megastairs_5, serial_bayou_shore_a,
          serial_bayou_shore_b
Lair:6:   guppyfry_lair_end_dragon, layout_cave_shapes, slime_altar_1,
          portal_ice_cave_demonic_guard, grunt_megastairs_3, uniq_urug
Shoals:1: layout_shoals, serial_shops, nicolae_shop_statue_plus,
          nicolae_shoals_undead_eyrie, uniq_roxanne
Shoals:2: argonaut_golden_fleece, layout_shoals, serial_shops,
          nicolae_shop_hallway_plus
Shoals:3: layout_shoals
Shoals:4: shoals_end_hellmonk_storm_palace [storm_palace_center_ruins,
          storm_palace_corner_pillars, storm_palace_corner_pillars,
          storm_palace_corner_narrow, storm_palace_corner_altar], serial_shops
Spider:1: layout_cave_pods, nicolae_spider_nook
Spider:2: layout_cave_pods, nicolae_spider_undead_wolf_pack
Spider:3: layout_spider_delve, hellmonk_ghost_happy_afterlife
Spider:4: grunt_spider_rune_circles, special_room [special_room_bee]
Slime:1:  layout_caves
Slime:2:  layout_caves
Slime:3:  layout_caves
Slime:4:  layout_caves
Slime:5
Orc:1:    layout_diamond_mine, basic_altar, mines2_lemuel, uniq_fannar
Orc:2:    st_orc_elflike, layout_caves, basic_altar
Elf:1:    nicolae_elf_arrival_no_cutting_in_line, layout_geoelf_octagon,
          serial_shops, shop, hangedman_elven_crosses_minicolossus,
          nicolae_elf_elemental_lessons
Elf:2:    elven_hall_of_blades_hangedman_original
          [nicolae_vaults_blade_armed_guards], layout_geoelf_octagon,
          serial_shops, nicolae_shop_hallway_plus
Elf:3:    nooodl_elf_gasket, layout_rooms
Vaults:1: mu_enter_wizlab_2, hangedman_vaults_unwind, grunt_vaults_twisty,
          ontoclasm_vaults_ligature, vaults_room_grid,
          nicolae_vaults_little_squares_4, vaults_mumra_hex, v_pattern_4,
          vaults_room_grunt_arrival_ludios, vaults_dpeg_hooks,
          ontoclasm_vaults_eye, layout_vaults_maze_bifur
Vaults:2: hangedman_vaults_river_flow, vaults_standard_mumra_lines, v_rooms_6,
          v_pattern_1, nicolae_vaults_border_crossing, ontoclasm_vaults_gateway,
          vaults_mumra_minichess, vaults_dpeg_cross, vaults_dpeg_ring,
          layout_vaults_chaotic_city, serial_shops, bzr_entry_lakeside
Vaults:3: grunt_vaults_bifocal, vaults_room_guarded_vault,
          minmay_crypt_entry_simple_round, v_misc_27, vaults_dpeg_spiral,
          v_pattern_3, ontoclasm_vaults_twist, layout_vaults_omnigrid
Vaults:4: nicolae_vaults_hallways_thing, gammafunk_sealed_library, v_misc_10,
          nicolae_vaults_network_barrier, nicolae_vaults_big_ls,
          ontoclasm_vaults_pinch, v_misc_2, grunt_vaults_hallway_short,
          ontoclasm_vaults_loading_screen, v_pattern_5, layout_vaults_omnicross
Vaults:5: serial_shops, uniq_margery
Crypt:1:  layout_catacombs, hellmonk_ghost_big_iron, st_stairs_12,
          grunt_crypt_arrival_webbed, uniq_frederick
Crypt:2:  hangedman_screamer, layout_misc_corridors
Crypt:3:  cryptofortress_bobbens
Tomb:1
Tomb:2:   uniq_boris
Depths:1: nicolae_cairo_tiling_large, layout_honeycomb, pf_hell_entry_tar_river,
          abyss_entry_crystal, brannock_xom_greatest_gift
Depths:2: minmay_octo_star, layout_gridville, serial_shops,
          nicolae_shop_bloodbath_and_beyond, rand_demon_pan_entry_5,
          yredelemnul_altar_generic, abyss_entry, hell_entry,
          nicolae_kikubaaqudgha_miasma_corner, uniq_nikola
Depths:3: minmay_the_grid_3x2 [minmay_the_grid_large_cup, minmay_the_grid_empty,
          minmay_the_grid_armoury, minmay_the_grid_minigrid_small_alt,
          minmay_the_grid_zigzag_pyramid, minmay_the_grid_prize_inner_circle],
          layout_cave_pools, fedhas_altar_3, nicolae_trove_entry_path_of_doom,
          pf_coc_iceberg, hangedman_abyss_entry_splay, grunt_ministairs_7,
          minivault_15, nicolae_ru_awakened_eye
Depths:4: evilmike_zot_entry_diamond, layout_long_grid, enter_ziggurat_e,
          hell_entry, nicolae_hepliaklqana_ecumenical_no_more,
          grunt_qazlal_clouds, minmay_shop_star
Hell
Dis:1:    layout_subdivisions
Dis:2:    layout_jigsaw
Dis:3:    layout_subdivisions
Dis:4:    layout_subdivisions
Dis:5:    nicolae_dis_hell_towers
Dis:6:    layout_regular_city, nicolae_dis_strange_trophy_room
Dis:7:    dis_grunt_layers
Geh:1:    layout_gehenna_pools_box
Geh:2:    layout_gehenna_lava_caves
Geh:3:    layout_gehenna_lava_caves
Geh:4:    layout_gehenna_pools_triple
Geh:5:    layout_gehenna_lava_caves
Geh:6:    hangedman_generic_boss_arena
Geh:7:    geh_old
Tar:1:    layout_honeycomb
Tar:2:    layout_catacombs
Tar:3:    layout_grid_maze
Tar:4:    layout_grid_maze
Tar:5:    layout_honeycomb
Zot:1:    layout_basic, zot_minivault_7
Zot:2:    layout_cathedral_of_symmetry
Zot:3:    layout_misc_corridors
Zot:4:    kennysheep_blocky_hall, layout_misc_corridors, skrybe_zot_glass_3
Zot:5:    layout_basic

Skill      XL: |  1  2  3  4  5  6  7  8  9 10 11 12 13 14 15 16 17 18 19 20 21 22 23 24 25 26 27 |
---------------+----------------------------------------------------------------------------------+-----
Fighting       | 1 2 3 4 8 9 10 12 13 14 15 16 18 27 | 27.0
Earth Magic    | 4 5 6 7 8 10 12 14 15 16 19 20 21 23 25 26 27 | 27.0
Spellcasting   | 3 4 5 7 10 12 13 14 15 16 17 18 20 21 22 23 27 | 27.0
Shields        | 1 3 4 5 6 9 12 17 | 17.8
Conjurations   | 1 3 5 7 10 12 13 14 15 27 | 27.0
Armour         | 3 7 8 9 10 12 15 16 18 22 | 22.0
Stealth        | 4 6 9 10 18 | 18.5
Transmutations | 2 4 5 |  5.0
Translocations | 1 4 |  4.0
Necromancy     | 4 5 |  5.1
Dodging        | 2 5 12 | 12.5
Evocations     | 5 8 11 14 | 14.0
Fire Magic     | 22 | 22.2

Action                   |  1- 3 |  4- 6 |  7- 9 | 10-12 | 13-15 | 16-18 | 19-21 | 22-24 | 25-27 || total
-------------------------+-------+-------+-------+-------+-------+-------+-------+-------+-------++-------
Melee: Dagger            |    55 |   189 |    26 |       |       |       |       |       |       ||   270
       Punch             |     1 |       |       |       |       |       |       |       |       ||     1
       Trident           |       |       |       |    23 |       |       |       |       |       ||    23
       Whip              |       |       |       |    37 |    53 |    71 |    61 |       |       ||   222
       Hand axe          |       |       |       |       |       |       |     7 |     8 |       ||    15
       Scimitar          |       |       |       |       |       |       |       |     7 |    49 ||    56
       Rapier            |       |       |       |       |       |       |       |       |   221 ||   221
       Falchion          |       |       |       |       |       |       |       |       |    43 ||    43
       Bite              |       |       |       |       |       |       |       |       |     2 ||     2
Throw: Dart              |       |       |     2 |     2 |       |       |       |       |       ||     4
       Javelin           |       |       |       |     1 |       |       |       |       |       ||     1
 Cast: Sandblast         |    19 |    38 |    16 |    10 |     2 |     5 |    12 |       |     1 ||   103
       Stone Arrow       |       |       |   126 |   316 |   665 |    23 |     1 |       |     1 ||  1132
       Passwall          |       |       |       |     1 |       |       |       |       |       ||     1
       Irradiate         |       |       |       |     7 |    62 |    17 |    20 |     3 |    94 ||   203
       Iskenderun's Myst |       |       |       |       |    15 |     8 |    42 |    82 |    51 ||   198
       Borgnjor's Vile C |       |       |       |       |    49 |    27 |    33 |    24 |    22 ||   155
       Lee's Rapid Decon |       |       |       |       |     9 |     5 |    16 |    15 |    13 ||    58
       Iron Shot         |       |       |       |       |       |   706 |   742 |   809 |  3079 ||  5336
       Orb of Destructio |       |       |       |       |       |     2 |       |       |    10 ||    12
       Shatter           |       |       |       |       |       |       |     2 |    88 |   263 ||   353
       Lehudib's Crystal |       |       |       |       |       |       |       |     8 |   744 ||   752
       Blink             |       |       |       |       |       |       |       |       |     2 ||     2
       Apportation       |       |       |       |       |       |       |       |       |     6 ||     6
       Fire Storm        |       |       |       |       |       |       |       |       |     4 ||     4
       Ignition          |       |       |       |       |       |       |       |       |     4 ||     4
Evoke: Wand              |       |       |       |       |       |    16 |       |       |     1 ||    17
       Phantom mirror    |       |       |       |       |       |       |       |     1 |     1 ||     2
       Box of beasts     |       |       |       |       |       |       |       |       |     1 ||     1
       Phial of floods   |       |       |       |       |       |       |       |       |     1 ||     1
  Use: Scroll            |       |       |       |    13 |    22 |     3 |    11 |     1 |    21 ||    71
       Potion            |       |       |       |       |       |     2 |     6 |     5 |    53 ||    66
 Stab: Sleeping          |     1 |     2 |       |       |       |       |       |       |       ||     3
       Distracted        |       |     1 |       |       |       |       |       |       |     2 ||     3
Armor: Robe              |    17 |    87 |    36 |   124 |       |       |       |       |       ||   264
       Troll leather arm |       |       |       |     3 |   229 |       |       |       |       ||   232
       Acid dragon scale |       |       |       |       |   115 |   298 |   193 |       |       ||   606
       Chain mail        |       |       |       |       |       |       |    40 |   119 |  1940 ||  2099
       Animal skin       |       |       |       |       |       |       |       |    27 |       ||    27
Dodge: Dodged            |    31 |   102 |    23 |   143 |   222 |   182 |   146 |    66 |   687 ||  1602
Block: Buckler           |       |    21 |     8 |    68 |   129 |   129 |   101 |       |       ||   456
       Kite shield       |       |       |       |       |       |       |    17 |   126 |   365 ||   508
       Tower shield      |       |       |       |       |       |       |       |       |  1362 ||  1362
